 Dungeon Crawl Stone Soup version 0.32-a0-338-g4f8ebfe289 (webtiles) character file.

Game seed: 12183334289279631474

20529 Bnni the Severer (level 12, -13/113 HPs)
             Began as a Mountain Dwarf Fighter on Feb 17, 2024.
             Was a Believer of Beogh.
             Killed from afar by a deep elf zephyrmancer (31 damage)
             ... with a bolt of lightning
             ... on level 12 of the Dungeon.
             The game lasted 00:30:05 (12746 turns).

Bnni the Severer (Mountain Dwarf Fighter)          Turns: 12746, Time: 00:30:06

Health: -13/113    AC: 23    Str: 27    XL:     12   Next: 46%
Magic:  15/15      EV:  8    Int:  8    God:    Beogh [**....]
Gold:   1114       SH: 11    Dex: 13    Spells: 7/11 levels left

rFire   . . .        I - +10 war axe of Tigith {pain, Str+2}
rCold   . . .        c - +0 buckler
rNeg    . . .        E - +2 chain mail {Will+}
rPois   +            r - +0 helmet
rElec   .            l - +0 cloak
rCorr   .            R - +2 pair of gloves
SInv    .            P - +2 pair of boots
Will    ++...        q - amulet of the Byakko {Reflect Rampage ^Drain Dex+4 SH+5 Stlth+} Stlth
                     g - ring of poison resistance
HPRegen 0.38/turn    u - +4 ring of protection
MPRegen 0.14/turn

%: reflection, rampage
@: no status effects
A: runic magic, artefact enchanting
a: Renounce Religion, Smiting


You were on level 12 of the Dungeon.
You worshipped Beogh.
Beogh was pleased with you.
You visited 1 branch of the dungeon, and saw 13 of its levels.
You also visited: Sewer.

You collected 2135 gold pieces.
You spent 1021 gold pieces at shops.

Inventory:

Hand Weapons
 m - a +2 whip of venom
 I - the +10 war axe of Tigith (weapon) {pain, Str+2}
   (You found it on level 8 of the Dungeon)

   Str+2:     It affects your strength (+2).
Missiles
 e - 54 poisoned darts (quivered)
 x - 2 curare-tipped darts
Armour
 c - a +0 buckler (worn)
 l - a +0 cloak (worn)
 r - a +0 helmet (worn)
 E - a +2 chain mail of willpower (worn)
 P - a +2 pair of boots (worn)
 R - a +2 pair of gloves (worn)
Jewellery
 g - a ring of poison resistance (left hand)
 i - a ring of resist corrosion
 q - the amulet of the Byakko (around neck) {Reflect Rampage ^Drain Dex+4 SH+5 Stlth+}
   (You bought it in a shop on level 1 of the Dungeon)

   [amulet of reflection]

   Reflect:   It reflects blocked missile attacks.
   Dex+4:     It affects your dexterity (+4).
   ^Drain:    It drains your maximum health when unequipped.
   SH+5:      It affects your SH (+5).
   Rampage:   It bestows one free step when moving towards enemies.
   Stlth+:    It makes you more stealthy.
 u - a +4 ring of protection (right hand)
 K - a ring of flight
 L - a ring of protection from fire
 O - a ring of willpower
Wands
 a - a wand of mindburst (6)
 v - a wand of polymorph (2)
Scrolls
 b - 3 scrolls of amnesia {unknown}
 f - 8 scrolls of teleportation {unknown}
 h - a scroll of blinking {unknown}
 k - 2 scrolls of revelation {unknown}
 o - 2 scrolls of enchant weapon {unknown}
 s - 4 scrolls of immolation {unknown}
 t - a scroll of vulnerability
 y - a scroll of fog {unknown}
 z - 3 scrolls of torment
 A - 4 scrolls of fear
 D - 3 scrolls of noise {unknown}
 M - a scroll of poison {unknown}
Potions
 d - a potion of might
 j - a potion of curing
 n - 5 potions of magic
 p - a potion of degeneration {unknown}
 w - 3 potions of mutation
 B - 3 potions of haste
 C - a potion of ambrosia
 F - a potion of heal wounds {unknown}
 G - 2 potions of brilliance {unknown}
 H - a potion of invisibility {unknown}
 J - a potion of berserk rage {unknown}
 N - 2 potions of cancellation {unknown}
 Q - a potion of lignification {unknown}
 S - a potion of attraction {unknown}


   Skills:
 + Level 12.5 Fighting
 - Level 18.0 Axes
 - Level 3.2 Armour
 * Level 7.2 Shields
 - Level 6.0 Necromancy
 + Level 5.0 Invocations


You had 7 spell levels left.
You knew the following spells:

 Your Spells              Type           Power      Damage    Failure   Level
f - Dispel Undead         Necr           9%         3d8       52%         4

Your spell library contained the following spells:

 Spells                   Type           Power      Damage    Failure   Level
 Sublimation of Blood     Necr           9%         N/A       10%         2
 Kiss of Death            Conj/Necr      16%        2d6       22%         1
 Shock                    Conj/Air       0%         1d3       58%         1
 Call Imp                 Summ           0%         N/A       73%         2
 Confusing Touch          Hex            0%         N/A       91%         3
 Frozen Ramparts          Ice            0%         1d1       91%         3
 Ozocubu's Armour         Ice            0%         N/A       91%         3
 Swiftness                Air            0%         N/A       91%         3
 Tukima's Dance           Hex            0%         N/A       91%         3
 Airstrike                Air            0%         2d(0-16)  100%        4
 Dimensional Bullseye     Hex/Tloc       0%         N/A       100%        4
 Iskenderun's Mystic Bla  Conj/Tloc      0%         2d3       100%        4
 Leda's Liquefaction      Alch/Erth      0%         N/A       100%        4
 Petrify                  Alch/Erth      0%         N/A       100%        4
 Metabolic Englaciation   Hex/Ice        0%         N/A       100%        5
 Sculpt Simulacrum        Ice/Alch       0%         N/A       100%        6
 Summon Hydra             Summ           0%         N/A       100%        7


Dungeon Overview and Level Annotations

Branches:
Dungeon (13/15)            Temple (0/1) D:6            Lair (0/5) D:10
    Orc (0/2) D:9           Sewer (visited)
 Vaults: D:13-14

Altars:
Dithmenos
Fedhas
Gozag
Kikubaaqudgha
Makhleb
Nemelex Xobeh
Qazlal
Sif Muna
Vehumet
Xom
Yredelemnul
The Shining One

Shops:
D:1 [=*   D:8 *(


Innate Abilities, Weirdness & Mutations

Your facial features look somewhat orcish.
Your spellcasting is much less encumbered by armour.
You can use scrolls of enchantment on lesser artefacts.


Message History

The deep elf archer wields a +0 short sword.
The deep elf archer hits you with a +0 short sword!
* * * LOW HITPOINT WARNING * * *
Okay, then.
As you read the scroll of fear, it crumbles to dust.
You assume a fearsome visage.
The deep elf archer looks frightened!
The deep elf zephyrmancer looks frightened!
The deep elf archer looks frightened!
The deep elf zephyrmancer mumbles some strange words.
The deep elf zephyrmancer blinks!
The deep elf archer gestures wildly while chanting.
The deep elf archer blinks!
The deep elf archer gestures wildly while chanting.
The deep elf archer blinks!
Okay, then.
You feel better.
The deep elf zephyrmancer mumbles some strange words.
The deep elf zephyrmancer blinks!
The deep elf archer mumbles some strange words.
The deep elf archer blinks!
The deep elf archer mumbles some strange words.
The deep elf archer blinks!
You closely miss the deep elf zephyrmancer.
The deep elf zephyrmancer gestures wildly while chanting.
The deep elf zephyrmancer blinks!
The deep elf archer gestures wildly while chanting.
The deep elf archer blinks!
Unknown command.
The deep elf archer casts a spell.
The deep elf archer blinks!
You rampage towards the deep elf archer!
The deep elf archer casts a spell.
The deep elf archer blinks!
The deep elf archer mumbles some strange words.
The deep elf archer blinks!
Things that are here:
a +0 falchion; a +0 leather armour; an elf corpse The deep elf zephyrmancer points at you and mumbles some strange words.
The bolt of lightning hits you!!
You die...

##.########..#......#.
....................#.
..#..#..#..#..#.).....
.......)...)..........
..............)).....#
##########''########.....#
#.§...ee#....# #).#..#
#..§...!#....# #....##
#..######@...####.e#....#
#......)......^.e..#..#.#
#...........?......#....#
#######..######e.###....#
........ ....#..#.
........... ...#....#
######....# ..# ...... ..#
..^...


You could see a deep elf archer (repels missiles) and a deep elf zephyrmancer.

Vanquished Creatures
  A centaur warrior (D:13)
  A two-headed ogre (D:8)
  2 deep elf knights (D:12)
  5 deep elf pyromancers (D:12)
  5 deep elf zephyrmancers (D:12)
  A manticore (D:12)
  An oklob plant (D:10)
  2 guardian serpents (D:11)
  3 unseen horrors
  A kobold demonologist (D:12)
  A queen bee (shapeshifter) (D:13)
  4 trolls (D:9)
  A hornet (D:9)
  Grinder (Sewer)
  A vampire (D:11)
  5 slime creatures (D:12)
  A yak (D:9)
  A shadow (D:11)
  3 wraiths
  A wyvern (D:8)
  A basilisk (D:10)
  3 steam dragons
  Grum (D:11)
  4 vampire mosquitoes (D:12)
  5 acid dragons
  2 water moccasins
  15 orc warriors
  2 black bears
  4 ogres
  3 ice beasts
  A sky beast (D:7)
  3 wolves (D:11)
  3 centaurs
  A phantom (D:4)
  A weeping skull (D:3)
  6 kobold brigands
  A bullfrog (D:7)
  5 gnoll sergeants
  7 scorpions
  8 wights
  4 killer bees (D:8)
  3 howler monkeys
  5 electric eels (D:8)
  A centaur zombie (D:4)
  A quasit (Sewer)
  A bombardier beetle (D:5)
  2 hounds
  A jelly (D:6)
  A centaur skeleton (D:4)
  2 orc priests (D:12)
  2 iguanas
  A sleepcap (D:6)
  A human zombie (D:4)
  11 orc wizards
  Natasha (thrice) (D:2)
  A hound zombie (D:4)
  A howler monkey zombie (D:4)
  19 gnolls
  7 adders
  5 shadow imps
  A white imp (D:6)
  3 ufetubi (Sewer)
  3 adder zombies
  A dart slug (D:1)
  4 ribbon worms
  28 orcs
  6 ball pythons
  7 endoplasms
  3 giant cockroaches
  5 goblins
  6 hobgoblins
  6 quokkas
  15 bats
  5 frilled lizards
  27 kobolds
  A quokka skeleton (D:4)
  A quokka zombie (D:4)
  5 rats
  A spectral orc (D:3)
317 creatures vanquished.

Vanquished Creatures (others)
  A giant cockroach zombie (Sewer)
  A kobold zombie (Sewer)
2 creatures vanquished.

Grand Total: 319 creatures vanquished

Notes
Turn   | Place    | Note
-------+----------+-------------------------------------------
     0 | D:1      | Bnni the Mountain Dwarf Fighter began the quest for the
                  | Orb.
     0 | D:1      | Reached XP level 1. HP: 19/19 MP: 1/1
    76 | D:1      | Reached skill level 3 in Axes
   131 | D:1      | Reached XP level 2. HP: 26/26 MP: 2/2
   211 | D:1      | Found Segeu's Armour Boutique.
   298 | D:1      | Found Kieclywn's Jewellery Emporium.
   361 | D:1      | Reached XP level 3. HP: 31/33 MP: 3/3
   419 | D:1      | Found Gireir's Assorted Antiques.
   512 | D:1      | Reached skill level 4 in Axes
   633 | D:2      | Noticed Natasha
   638 | D:2      | Killed Natasha
   639 | D:2      | Reached XP level 4. HP: 35/40 MP: 4/4
   716 | D:2      | Noticed Natasha
   724 | D:2      | Killed Natasha
   725 | D:2      | Reached skill level 5 in Axes
   920 | D:2      | Noticed Natasha
   928 | D:2      | Killed Natasha
   929 | D:2      | Reached XP level 5. HP: 39/47 MP: 5/5
  2007 | D:3      | Found a glowing golden altar of the Shining One.
  2161 | D:3      | Found a basalt altar of Yredelemnul.
  2172 | D:3      | Reached skill level 5 in Fighting
  2172 | D:3      | Reached skill level 6 in Axes
  2338 | D:4      | Reached XP level 6. HP: 47/56 MP: 6/6
  2539 | D:4      | Found an ancient bone altar of Kikubaaqudgha.
  2694 | D:4      | Reached skill level 7 in Axes
  2722 | D:4      | Reached XP level 7. HP: 59/62 MP: 7/7
  2781 | D:4      | Found a blossoming altar of Fedhas.
  3334 | D:5      | Entered Level 5 of the Dungeon
  3334 | D:5      | Found a burning altar of Makhleb.
  3414 | D:5      | Reached skill level 8 in Axes
  3543 | D:5      | Found a shadowy altar of Dithmenos.
  3916 | D:5      | Reached skill level 9 in Axes
  4107 | D:6      | Identified a scroll of acquirement
  4250 | D:6      | Reached XP level 8. HP: 71/71 MP: 8/8
  4346 | D:6      | Reached skill level 10 in Axes
  4395 | D:6      | Found the +11 Singing Sword {sonic wave}
  4561 | D:6      | Found a glowing drain.
  4576 | Sewer    | Entered a sewer
  4663 | Sewer    | Found a burning altar of Makhleb.
  4668 | Sewer    | Noticed Grinder
  4674 | Sewer    | Reached skill level 11 in Axes
  4707 | Sewer    | Paralysed by Grinder for 5 turns
  4716 | Sewer    | Killed Grinder
  4729 | Sewer    | Reached XP level 9. HP: 23/81 MP: 9/9
  5080 | D:6      | Acquired 1381 gold pieces
  5228 | D:1      | Bought the amulet of the Byakko {Reflect Rampage ^Drain
                  | Dex+4 SH+5 Stlth+} for 553 gold pieces
  5272 | D:1      | Bought a glowing dark potion for 24 gold pieces
  5272 | D:1      | Bought an amethyst potion for 24 gold pieces
  5272 | D:1      | Bought a scroll labelled KIL GITOASUTE for 27 gold pieces
  5272 | D:1      | Bought a scroll labelled DUFIAKHASME for 27 gold pieces
  5272 | D:1      | Bought a scroll labelled FUOTER WUNAJ for 27 gold pieces
  5581 | D:6      | Found a staircase to the Ecumenical Temple.
  5761 | D:1      | Bought a +2 chain mail of willpower for 279 gold pieces
  6121 | D:7      | Reached skill level 12 in Axes
  6760 | D:8      | Found Qifuiq's Assorted Antiques.
  6767 | D:8      | Bought a grey potion for 19 gold pieces
  6767 | D:8      | Bought a fuming grey potion for 19 gold pieces
  6767 | D:8      | Bought a scroll labelled DUFIAKHASME for 22 gold pieces
  6783 | D:8      | Noticed a two-headed ogre
  6799 | D:8      | Killed a two-headed ogre
  6800 | D:8      | Reached skill level 13 in Axes
  7035 | D:8      | Found an opulent altar of Gozag.
  7437 | D:8      | Reached skill level 14 in Axes
  7437 | D:8      | Reached XP level 10. HP: 77/93 MP: 10/10
  8064 | D:8      | Identified the +10 war axe of Tigith {pain, Str+2}
  8084 | D:8      | Found a shimmering blue altar of Sif Muna.
  8098 | D:8      | Reached skill level 10 in Fighting
  8106 | D:8      | Found Koumeq's Weapon Shoppe.
  8568 | D:9      | Reached skill level 1 in Necromancy
  8657 | D:9      | Found a stormy altar of Qazlal.
  8679 | D:9      | Reached skill level 15 in Axes
  8926 | D:9      | Found a staircase to the Orcish Mines.
  9246 | D:9      | Became a worshipper of Beogh the Shepherd
  9407 | D:10     | Entered Level 10 of the Dungeon
  9426 | D:10     | You fall into a shaft and drop 3 floors!
  9477 | D:13     | Reached XP level 11. HP: 77/102 MP: 11/11
  9567 | D:13     | Noticed a centaur warrior
  9574 | D:13     | Killed a centaur warrior
  9575 | D:13     | Reached skill level 16 in Axes
  9882 | D:12     | Reached skill level 5 in Necromancy
  9889 | D:12     | Reached * piety under Beogh
 10043 | D:11     | Found a stormy altar of Qazlal.
 10414 | D:11     | Noticed Grum
 10420 | D:11     | Killed Grum
 10892 | D:10     | Found a radiant altar of Vehumet.
 10895 | D:10     | Found a shimmering altar of Xom.
 11013 | D:10     | Found a sparkling altar of Nemelex Xobeh.
 11037 | D:10     | Found a staircase to the Lair.
 11040 | D:10     | Noticed an oklob plant
 11047 | D:10     | Killed an oklob plant
 11048 | D:10     | Reached skill level 17 in Axes
 11080 | D:10     | Reached skill level 1 in Invocations
 11081 | D:10     | Reached ** piety under Beogh
 11209 | D:10     | Learned a level 4 spell: Dispel Undead
 12042 | D:12     | Identified the +5 chain mail of Circular Logic {*Slow +Inv
                  | rElec Slay+2}
 12152 | D:12     | Reached skill level 5 in Shields
 12252 | D:12     | Noticed a deep elf pyromancer
 12252 | D:12     | Noticed a deep elf zephyrmancer
 12263 | D:12     | Killed a deep elf pyromancer
 12272 | D:12     | Noticed a deep elf zephyrmancer
 12273 | D:12     | Killed a deep elf zephyrmancer
 12274 | D:12     | Reached XP level 12. HP: 41/112 MP: 14/14
 12708 | D:12     | Reached skill level 18 in Axes
 12729 | D:12     | Reached skill level 5 in Invocations
 12737 | D:12     | HP: 4/113 [deep elf archer/+0 short sword (13)]
 12746 | D:12     | Killed from afar by a deep elf zephyrmancer

Illustrated notes

Levels and vault maps discovered:
D:1:      grunt_arrival_crossed_arrows, layout_rooms, serial_shops,
          nicolae_shop_tiny_real_fake_doors, nicolae_shop_window_shopping, shop,
          hex_medium, minmay_split_cup_small
D:2:      layout_basic, grunt_ministairs_9, nicolae_kite_square_tiling_tiny,
          chequers_decorated_corner, chequers_serial_rivers_small_3,
          uniq_natasha
D:3:      layout_basic, nicolae_overflow_hidden_temple,
          yredelemnul_forgotten_temple_becter
D:4:      layout_cave_pools, lemuel_mausoleum_altar_kikubaaqudgha,
          mainiacjoe_overflow_alcove_4, serial_co_window_serial,
          co_window_corner_a, co_window_of_opportunity_a, co_window_corner_a,
          co_window_paths_a, co_window_corner_a, co_window_corner_a,
          co_window_paths_a, co_window_paths_b, co_window_paths_a,
          co_window_cross_2, co_window_corner_b, co_window_of_opportunity_b,
          co_window_broadway_c
D:5:      layout_loops_cross, nicolae_dithmenos_shadow_blocks,
          mainiacjoe_overflow_cross_hatched, nicolae_twisty_statue_hallways
D:6:      old_forge, layout_basic, minmay_temple_entry_large_hall,
          gup_sewer_entry_pipe, hangedman_abyss_or_decor_stabs, chequers_avenue
D:7:      layout_cave_pools
D:8:      wad_lake_hut, layout_rooms, mainiacjoe_overflow_tiny_flanked,
          nicolae_gozag_cash_rules_everything_around_me, serial_shops, shop,
          nicolae_book_shop_shelving, shop, shop, kennysheep_nub
D:9:      kennysheep_ambush_hall, layout_long_grid, lemuel_tele_altar,
          kennysheep_orc_monster_closet_entryway
D:10:     layout_roguey, nemelex_spade_bored_becter, xom_teletrap_fun,
          vehumet_crystals, dpeg_oklobed_lair, minmay_parallelograms,
          hangedman_decor_diamond_cutter
D:11:     nrook_guardian_serpent_snake_passage, layout_basic,
          grunt_qazlal_clouds, uniq_grum
D:12:     minmay_elf_outpost, layout_cave_pools, special_room [special_room_orc]
D:13:     layout_basic, nrook_guardian_serpent_ordinary, uniq_urug

Skill      XL: |  1  2  3  4  5  6  7  8  9 10 11 12 |
---------------+-------------------------------------+-----
Axes           | 3 4 5 6 7 9 11 14 15 17 18 | 18.0
Fighting       | 4 5 6 8 9 11 12 | 12.5
Necromancy     | 4 6 |  6.0
Invocations    | 3 5 |  5.0
Shields        | 5 7 |  7.2
Armour         | |  3.2

Action                     |  1- 3 |  4- 6 |  7- 9 | 10-12 || total
---------------------------+-------+-------+-------+-------++-------
  Melee: War axe           |    90 |    72 |     1 |   349 ||   512
         Whip              |       |    86 |   142 |       ||   228
         Double sword      |       |       |   164 |    16 ||   180
         Unarmed           |       |       |       |    12 ||    12
  Throw: Dart              |       |       |     6 |     2 ||     8
 Invoke: Convert to Beogh  |       |       |       |     1 ||     1
         Smiting           |       |       |       |     2 ||     2
    Use: Scroll            |       |       |     7 |     4 ||    11
         Potion            |       |       |     1 |     1 ||     2
   Stab: Held in net/web   |       |       |     2 |       ||     2
 Armour: Scale mail        |    69 |   134 |   192 |       ||   395
         Chain mail        |       |       |   115 |   259 ||   374
  Dodge: Dodged            |    52 |    59 |   154 |    85 ||   350
  Block: Buckler           |    17 |    29 |   115 |   129 ||   290
         Reflection        |       |       |     1 |    14 ||    15

Table legend: (Time is in decaauts)
 A = Elapsed time spent in this place.
 B = Non-inter-level travel time spent in this place.
 C = Inter-level travel time spent in this place.
 D = Time resting spent in this place.
 E = Time spent auto-exploring this place.
 F = Levels seen in this place.
 G = Mean time per level.
                   A        B        C        D        E       F      G
               +--------+--------+--------+--------+--------+-----+--------+
         Total |  12886 |  12112 |    774 |   1442 |   8277 |  14 |  920.4 |
       Dungeon |  12345 |  11571 |    774 |   1266 |   8132 |  13 |  949.6 |
         Sewer |    540 |    540 |      0 |    176 |    145 |   1 |  540.0 |
               +--------+--------+--------+--------+--------+-----+--------+

Top non-repeatable levels by time:
     D:8: 1513 daAuts
     D:9: 1238 daAuts
    D:11: 1131 daAuts
     D:6: 1098 daAuts
     D:4: 1062 daAuts
     D:2: 962 daAuts
    D:12: 948 daAuts
     D:3: 946 daAuts
     D:5: 873 daAuts
    D:10: 806 daAuts
     D:1: 741 daAuts
     D:7: 616 daAuts
   Sewer: 540 daAuts
    D:13: 406 daAuts
